AoeStats
← 文風

Arena

506372102Analyzed
1v1 RM · 19d ago on Sep 13, 2026· 31m 53s· 2 players
Game mode
Random Map
Map size
Tiny (2 player)
Population
200
Speed
Normal
Resources
Standard
Victory
Conquest
Starting age
Dark Age
Ending age
Imperial Age
RankedLock teamsTeams togetherTeam positionsShared explorationLock speedFull tech treeHidden civsTurbo modeCheats
Victory
Defeat
🇺🇸 Teutons · United States
1470
+15
🇭🇰 Turks · Hong Kong SAR China
1449
-15
文風
12:22 Feudal Age
13:25 Double-Bit Axe
15:56 Castle Age
14:37 Gold Mining
21:39 Imperial Age
19:50 Padded Archer Armor
21:28 Leather Archer Armor
22:19 Horse Collar
GutFeeling
11:04 Feudal Age
14:49 Castle Age
12:59 Double-Bit Axe
13:09 Horse Collar
15:46 Bow Saw
17:01 Heavy Plow
20:57 Wheelbarrow
20:15 Gold Mining
20:45 Loom
22:08 Bloodlines
22:05 Scale Barding Armor
23:59 Chain Barding Armor
24:22 Forging
26:54 Hand Cart
26:25 Town Watch
32:32 Imperial Age
31:39 Iron Casting
31:44 Fletching
32:45 Ballistics
Connection lost

Rejoining the realm…

Still unreachable

The connection could not be restored.

Session expired

The server has moved on; the page needs a fresh start.